 Dungeon Crawl Stone Soup version 0.26-a0-667-g92642533e4 (webtiles) character file.

Game seed: 9250940654906162298

307 Peloso the Covered (level 6, 0/53 HPs)
             Began as a Minotaur Fighter on Oct 17, 2020.
             Succumbed to an orc wizard's poison
             ... on level 3 of the Dungeon.
             The game lasted 00:07:42 (2593 turns).

Peloso the Covered (Minotaur Fighter)               Turns: 2593, Time: 00:07:43

Health: 0/53       AC: 13    Str: 21    XL:     6   Next: 16%
Magic:  5/5        EV:  4    Int:  5    God:
Gold:   91         SH: 10    Dex: 11    Spells: 5/5 levels left

rFire    + . .     SeeInvis .   a - +0 long sword
rCold    x . .     Faith    .   c - +0 kite shield
rNeg     . . .     Spirit   .   h - +1 plate armour
rPois    .         Reflect  .   (helmet restricted)
rElec    .         Harm     .   (no cloak)
rCorr    +         Rampage  .   (no gloves)
MR       .....                  (no boots)
Stlth    ..........             (no amulet)
HPRegen  0.17/turn              n - ring of fire
MPRegen  0.09/turn              p - ring of resist corrosion

@: lethally poisoned (0 -> -1)
A: retaliatory headbutt, horns 2
a: no special abilities


You were on level 3 of the Dungeon.
You visited 1 branch of the dungeon, and saw 4 of its levels.

You collected 91 gold pieces.

Inventory:

Hand Weapons
 a - a +0 long sword (weapon)
Armour
 b - a +0 scale mail
 c - a +0 kite shield (worn)
 h - a +1 plate armour (worn)
Jewellery
 i - an uncursed ring of see invisible
 n - a ring of fire (left hand)
 p - a ring of resist corrosion (right hand)
Wands
 l - a wand of disintegration (8)
 s - a wand of polymorph (7)
Scrolls
 e - a scroll of fear
 k - a scroll of enchant armour
 m - a scroll of magic mapping
 r - a scroll of remove curse
Potions
 d - 2 potions of might
 q - a potion of lignification


   Skills:
 + Level 4.6 Fighting
 + Level 4.8 Long Blades
 + Level 5.3 Armour
 + Level 0.4 Dodging
 + Level 0.1 Stealth
 + Level 5.2 Shields


You had 5 spell levels left.
You didn't know any spells.
Your spell library was empty.

Dungeon Overview and Level Annotations

Branches:
Dungeon (4/15)
 Temple: D:4-7

Altars:
Elyvilon
Yredelemnul


Innate Abilities, Weirdness & Mutations

You reflexively headbutt those who attack you in melee.
You have a pair of horns on your head.


Message History

Unknown command.
Your transformation is almost over.
Unknown command.
Unknown command.
* * * LOW HITPOINT WARNING * * *
You feel sick.
Unknown command.
Unknown command.
Unknown command.
* * * LOW HITPOINT WARNING * * *
You feel sick.
Unknown command.
Unknown command.
Unknown command.
Unknown command.
Unknown command.
Unknown command.
You feel less wooden.
Your +1 plate armour unmelds from your body.
You die...

#.#########.# #.#
#.####### #.#
#####.#.....#
######(#####.....#.###.#
.(.(.(...........>รท#...#
######.#####.#..#..#.###
#.# #.#<....#.# #####+###
#.##...##.## #.......#
#....@.....# #.#.....#
####.......# #.#.....#
#....##.# #.#.....#
#[##....# #.#.##'##
#)####### #.#.##.# #.#
#.#....#######.#
##'#....##......#
........##.######


There were no monsters in sight!

Vanquished Creatures
  An orc priest (D:4)
  An orc wizard (D:4)
  An iguana (D:3)
  11 adders
  4 worms
  4 dart slugs
  3 leopard geckos
  6 orcs
  8 bats
  4 giant cockroaches
  11 goblins
  9 hobgoblins
  6 jackals
  11 kobolds
  A quokka (D:2)
  3 frilled lizards
  13 rats
97 creatures vanquished.

Notes
Turn   | Place    | Note
-------+----------+-------------------------------------------
     0 | D:1      | Peloso the Minotaur Fighter began the quest for the Orb.
     0 | D:1      | Reached XP level 1. HP: 19/19 MP: 0/0
    95 | D:1      | Reached XP level 2. HP: 27/27 MP: 1/1
   280 | D:1      | Reached XP level 3. HP: 29/33 MP: 2/2
   790 | D:2      | Reached XP level 4. HP: 36/40 MP: 3/3
  1148 | D:2      | Found a white marble altar of Elyvilon.
  1282 | D:2      | Found a basalt altar of Yredelemnul.
  1340 | D:2      | Reached XP level 5. HP: 39/46 MP: 4/4
  2117 | D:3      | Reached skill level 5 in Shields
  2285 | D:4      | Reached skill level 5 in Armour
  2297 | D:3      | Reached XP level 6. HP: 13/53 MP: 5/5
  2575 | D:3      | HP: 3/79 [poisoned by an orc wizard]
  2581 | D:3      | HP: 2/79 [poisoned by an orc wizard]
  2589 | D:3      | HP: 1/79 [poisoned by an orc wizard]
  2593 | D:3      | Succumbed to an orc wizard's poison

Illustrated notes

Levels and vault maps discovered:
D:1:      elethiomel_arrival_diamonds, layout_rooms, st_stairs_8
D:2:      layout_rooms, kennysheep_ying_yang
D:3:      kennysheep_the_goblin_king, layout_basic
D:4:      layout_rooms, vehumet_statue, nicolae_overflow_hidden_temple,
          hangedman_abyss_or_decor_jellyfish_corner, uniq_purgy

Skill      XL: |  1  2  3  4  5 |
---------------+----------------+-----
Armour         | 4 5 |  5.3
Fighting       | 4 |  4.6
Shields        | 4 5 |  5.2
Long Blades    | 3 4 |  4.8
Dodging        | |  0.4
Stealth        | |  0.1

Action                   |  1- 3 |  4- 6 || total
-------------------------+-------+-------++-------
Melee: Long sword        |    77 |   172 ||   249
       Headbutt          |    11 |    33 ||    44
  Use: Potion            |     1 |     2 ||     3
       Scroll            |       |     8 ||     8
Armor: Scale mail        |    37 |       ||    37
       Plate armour      |    23 |   131 ||   154
Dodge: Dodged            |    32 |    32 ||    64
Block: Kite shield       |    50 |   122 ||   172
       Rpst.: Long sword |    13 |     7 ||    20

Table legend: (Time is in decaauts)
 A = Elapsed time spent in this place.
 B = Non-inter-level travel time spent in this place.
 C = Inter-level travel time spent in this place.
 D = Time resting spent in this place.
 E = Time spent auto-exploring this place.
 F = Levels seen in this place.
 G = Mean time per level.
                   A        B        C        D        E       F      G
               +--------+--------+--------+--------+--------+-----+--------+
         Total |   2664 |   2643 |     21 |    233 |   1631 |   4 |  666.0 |
       Dungeon |   2664 |   2643 |     21 |    233 |   1631 |   4 |  666.0 |
               +--------+--------+--------+--------+--------+-----+--------+

Top non-repeatable levels by time:
     D:2: 1138 daAuts
     D:3: 965 daAuts
     D:1: 513 daAuts
     D:4: 46 daAuts
